 Dungeon Crawl Stone Soup version 0.17-a0-1079-g9903972 (webtiles) character file.

132 Cryogen the Skirmisher (level 4, -3/42 HPs)
             Began as a Minotaur Fighter on May 19, 2015.
             Slain by Sigmund
             ... wielding a +2 scythe of venom
              (8 damage)
             ... on level 2 of the Dungeon.
             The game lasted 00:06:10 (1142 turns).

Cryogen the Skirmisher (Minotaur Fighter)           Turns: 1142, Time: 00:06:10

Health: -3/42      AC:  7    Str: 21      XL:     4   Next: 92%
Magic:  3/3        EV:  7    Int:  5      God:
Gold:   60         SH:  9    Dex:  8 (10) Spells: 0 memorised, 3 levels left

rFire  . . .     SeeInvis .     a - +0 war axe
rCold  . . .     Clarity  .     b - +0 scale mail
rNeg   . . .     SustAb   .     c - +0 shield
rPois  .         Gourm    .     (helmet restricted)
rElec  .         Spirit   .     (no cloak)
rCorr  .         Warding  .     (no gloves)
rMut   .         Stasis   .     (no boots)
MR     .....                    (no amulet)
Stlth  ..........               (no ring)
                                (no ring)

@: lethally poisoned (-3 -> -14), not resistant to hostile enchantments,
extremely unstealthy
A: retaliatory headbutt, horns 2
a: no special abilities


You were on level 2 of the Dungeon.
You were hungry.

You visited 1 branch of the dungeon, and saw 2 of its levels.

You collected 60 gold pieces.

Inventory:

Hand weapons
 a - a +0 war axe (weapon)
Armour
 b - a +0 scale mail (worn)
 c - a +0 shield (worn)
 g - a +1 cloak
Magical devices
 n - a wand of frost (22)
Scrolls
 j - 2 scrolls of identify {unknown}
 k - a scroll of fog {unknown}
 m - a scroll of blinking {unknown}
 o - a scroll of noise {unknown}
 r - a scroll of enchant armour {unknown}
Potions
 d - a potion of might
 i - a potion of degeneration
 l - 2 potions of resistance {unknown}
Comestibles
 e - 2 bread rations
 h - 7 fruits
 p - a beef jerky
 q - a meat ration


   Skills:
 * Level 5.0 Fighting
 * Level 4.0 Axes
 + Level 4.4 Armour
 + Level 4.2 Shields


You had 3 spell levels left.
You didn't know any spells.

Dungeon Overview and Level Annotations

Branches:
Dungeon (2/15)

Altars:

Annotations:
D:2 Sigmund


Innate Abilities, Weirdness & Mutations

You reflexively headbutt those who attack you in melee.
You have a pair of horns on your head.


Message History

You feel sick.
You see here a stone.
* * * LOW HITPOINT WARNING * * *
You feel sick.
* * * LOW HITPOINT WARNING * * *
You feel sick.
* * * LOW HITPOINT WARNING * * *
You feel sick.
* * * LOW HITPOINT WARNING * * *
You feel sick.
You see here 2 stones.
It was a potion of cure mutation.
It has a very clean taste.
* * * LOW HITPOINT WARNING * * *
You feel sick.
It was a potion of degeneration.
There was something very wrong with that liquid.
You feel clumsy.
* * * LOW HITPOINT WARNING * * *
You feel sick. Something hits you!
You die...

##.## #.####.# ####...#
#...##.## ...#.♣.#
#.#.##... #..#...#
#.......# ###..##<####
##.......
...>.###..##########...###.
#..##............###### #.
.##.##..##(#..##†.###.# #.
.......)=.....@...# #.##
##.
.##.######.#####..###..#
#.. #.............# #..
.........#.##.# #..
.###.###..#.##.######.( .#
##. #.......##...... #.
..#..#............ #
.#.......##......
...K....#..####....


There were no monsters in sight!

Vanquished Creatures
  Jessica (D:2)
  A gnoll (D:1)
  Robin (D:2)
  3 adders (D:2)
  An ooze (D:1)
  3 giant geckos (D:2)
  A giant cockroach (D:1)
  13 goblins
  8 hobgoblins
  A ball python (D:2)
  3 bats
  A giant newt (D:1)
  7 jackals
  7 kobolds
  3 rats (D:1)
54 creatures vanquished.

Notes
Turn   | Place    | Note
--------------------------------------------------------------
     0 | D:1      | Cryogen the Minotaur Fighter began the quest for the Orb.
     0 | D:1      | Reached XP level 1. HP: 19/19 MP: 0/0
   218 | D:1      | Reached XP level 2. HP: 24/27 MP: 1/1
   238 | D:1      | Reached skill level 4 in Fighting
   328 | D:1      | Reached XP level 3. HP: 29/33 MP: 2/2
   548 | D:2      | Noticed Robin
   560 | D:2      | Killed Robin
   805 | D:2      | Reached XP level 4. HP: 39/41 MP: 3/3
  1054 | D:2      | Noticed Jessica
  1076 | D:2      | Killed Jessica
  1082 | D:2      | Reached skill level 5 in Fighting
  1124 | D:2      | Noticed Sigmund
  1142 | D:2      | Slain by Sigmund

Vault maps used:
D:1:      sevenhm_arrival_forest_fort_large_2, hangedman_feature_mirror,
          minmay_unequal
D:2:      grunt_ministairs_5, uniq_jessica, uniq_sigmund, uniq_robin

Action                   |  1- 3 |  4- 6 || total
-------------------------+-------+-------++-------
Melee: War axe           |    84 |    31 ||   115
  Use: Potion            |       |     2 ||     2
